 Dungeon Crawl Stone Soup version 0.29-a0-334-gb41bcbb86e (webtiles) character file.

Game seed: 4670492307280545261

82 Jortsu the Ducker (level 4, 0/44 HPs)
             Began as a Troll Fighter on Apr 14, 2022.
             Shot with a sling bullet by a goblin (3 damage)
             ... led by Robin
             ... on level 2 of the Dungeon.
             The game lasted 00:01:48 (868 turns).

Jortsu the Ducker (Troll Fighter)                    Turns: 868, Time: 00:01:49

Health: 0/44       AC:  5    Str: 24    XL:     4   Next: 21%
Magic:  3/3        EV:  9    Int:  4    God:
Gold:   98         SH:  7    Dex: 11    Spells: 3/3 levels left

rFire   . . .      SeeInvis .     - Unarmed
rCold   . . .      Faith    .   b - +0 kite shield
rNeg    . . .      Spirit   .   a - +1 robe
rPois   .          Reflect  .   (helmet restricted)
rElec   .          Harm     .   (no cloak)
rCorr   .          Rampage  .   (gloves unavailable)
Will    .....                   (boots unavailable)
Stlth   +.........              (no amulet)
HPRegen 0.94/turn               (no ring)
MPRegen 0.08/turn               (no ring)

@: no status effects
A: large, unfitting armour, claws 3, regeneration 1, shaggy fur 1, tough skin 1
a: no special abilities


You were on level 2 of the Dungeon.
You visited 1 branch of the dungeon, and saw 2 of its levels.

You collected 98 gold pieces.

Inventory:

Armour
 a - a +1 robe (worn)
 b - a +0 kite shield (worn)
Scrolls
 d - a scroll of teleportation {unknown}
 g - a scroll of enchant armour
 h - a scroll of magic mapping {unknown}
 i - a scroll of identify {unknown}
Potions
 c - a potion of might
 e - a potion of haste {unknown}
 f - a potion of curing {unknown}


   Skills:
 + Level 2.8 Fighting
 + Level 3.0 Dodging
 + Level 0.1 Stealth
 + Level 2.9 Shields
 + Level 2.7 Unarmed Combat


You had 3 spell levels left.
You didn't know any spells.
Your spell library contained the following spells:

 Spells                   Type           Power      Damage    Failure   Level
 Static Discharge         Conj/Air       0%         N/A       91%         2
 Lightning Bolt           Conj/Air       0%         1d11      100%        5
 Maxwell's Capacitive Co  Air            0%         ∞         100%        8


Dungeon Overview and Level Annotations

Branches:
Dungeon (2/15)

Altars:

Annotations:
D:2 Robin


Innate Abilities, Weirdness & Mutations

You are too large for most types of armour.
You have claws for hands.
Your natural rate of healing is unusually fast.
You are covered in fur. (AC +1)
You have tough skin. (AC +1)


Message History

The goblin closely misses you. Robin barely misses you.
You scratch the goblin.
The goblin is severely wounded.
The goblin hits you with a +0 club. The hobgoblin hits you.
You barely miss the goblin.
The goblin is severely wounded.
The goblin closely misses you. The hobgoblin barely misses you.
You claw the goblin!
You kill the goblin!
Robin hits you from afar with a +2 spear of flaming.
Robin burns you. You block the hobgoblin's attack. The hobgoblin hits you.
Robin hits you but does no damage.
You claw the hobgoblin!
You kill the hobgoblin!
Robin throws the goblin at you! The goblin hits you with a +0 dagger.
You closely miss the hobgoblin. Robin closely misses you.
The goblin completely misses you. You block the hobgoblin's attack.
You claw the hobgoblin!
You kill the hobgoblin!
Robin hits you from afar with a +2 spear of flaming.
* * * LOW HITPOINT WARNING * * *
Robin burns you.
* * * LOW HITPOINT WARNING * * *
The goblin hits you with a +0 dagger.
* * * LOW HITPOINT WARNING * * *
The goblin attacks as you move away! The goblin hits you but does no damage.
The goblin no longer looks unusually strong.
Robin barely misses you.
The goblin unwields a +0 dagger.
The goblin wields a +0 hunting sling.
The goblin shoots a sling bullet.
The sling bullet hits you.
* * * LOW HITPOINT WARNING * * *
Items here: )))))) †††††††.
Robin hits you with a +2 spear of flaming.
* * * LOW HITPOINT WARNING * * *
Robin burns you.
* * * LOW HITPOINT WARNING * * *
The goblin shoots a sling bullet.
You block the sling bullet. Robin barely misses you.
The goblin shoots a sling bullet.
The sling bullet hits you.
You die...

###############
...............
#.............
##.............
...............
.......@.............#
#
........g............#
#
....###)###..........#
# ... #.# .........# .
##g##### ##.....###
#......# #.....#..
#......####.....#
#[..............#+#
...........†...##....


You could see Robin and a goblin.

Vanquished Creatures
  An adder (D:2)
  A worm (D:2)
  A dart slug (D:1)
  5 ball pythons
  3 bats
  3 endoplasms
  2 giant cockroaches
  15 goblins
  9 hobgoblins
  6 jackals (D:1)
  3 kobolds
  3 frilled lizards
  5 rats
57 creatures vanquished.

Notes
Turn   | Place    | Note
-------+----------+-------------------------------------------
     0 | D:1      | Jortsu the Troll Fighter began the quest for the Orb.
     0 | D:1      | Reached XP level 1. HP: 22/22 MP: 0/0
    59 | D:1      | Reached XP level 2. HP: 26/29 MP: 1/1
   257 | D:1      | Reached XP level 3. HP: 36/36 MP: 2/2
   786 | D:2      | Reached skill level 3 in Dodging
   831 | D:2      | Noticed Robin
   843 | D:2      | Reached XP level 4. HP: 44/44 MP: 3/3
   867 | D:2      | HP: 2/44 [Robin/+2 spear of flaming (1)]
   868 | D:2      | Shot with a sling bullet by a goblin

Illustrated notes

Levels and vault maps discovered:
D:1:      minmay_arrival_checkered_box, layout_basic, chequers_arboretum
D:2:      layout_basic, basic_ecumenical_altar, uniq_robin

Skill      XL: |  1  2  3 |
---------------+----------+-----
Dodging        | 3 |  3.0
Fighting       | |  2.8
Stealth        | |  0.1
Shields        | |  2.9
Unarmed Combat | |  2.7

Action                   |  1- 3 |  4- 6 || total
-------------------------+-------+-------++-------
Melee: Unarmed           |   126 |    23 ||   149
  Use: Scroll            |     2 |       ||     2
 Stab: Sleeping          |     1 |       ||     1
Armor: Robe              |    66 |     5 ||    71
Dodge: Dodged            |    56 |    11 ||    67
Block: Kite shield       |    56 |     8 ||    64

Table legend: (Time is in decaauts)
 A = Elapsed time spent in this place.
 B = Non-inter-level travel time spent in this place.
 C = Inter-level travel time spent in this place.
 D = Time resting spent in this place.
 E = Time spent auto-exploring this place.
 F = Levels seen in this place.
 G = Mean time per level.
                   A        B        C        D        E       F      G
               +--------+--------+--------+--------+--------+-----+--------+
         Total |    881 |    878 |      3 |      0 |    550 |   2 |  440.5 |
       Dungeon |    881 |    878 |      3 |      0 |    550 |   2 |  440.5 |
               +--------+--------+--------+--------+--------+-----+--------+

Top non-repeatable levels by time:
     D:1: 571 daAuts
     D:2: 310 daAuts
